AoeStats
← memcosh

MegaRandom

508644769Analyzed
2v2 RM · 10d ago on Sep 23, 2026· 43m 6s· 4 players
Game mode
Random Map
Map size
Medium (4 player)
Population
200
Speed
Normal
Resources
Standard
Victory
Conquest
Starting age
Dark Age
Ending age
Imperial Age
RankedLock teamsTeams togetherTeam positionsShared explorationLock speedFull tech treeHidden civsTurbo modeCheats
Victory
Defeat
🇺🇸 Turks · United States
753
+29
🇵🇹 Persians · Portugal
742
+18
🇦🇷 Celts · Argentina
790
-18
🇮🇹 Poles · Italy
784
-18
memcosh
0:28 Loom
9:46 Feudal Age
11:07 Wheelbarrow
10:26 Double-Bit Axe
10:31 Town Watch
15:38 Castle Age
15:50 Gold Mining
15:52 Stone Mining
18:20 Hand Cart
21:59 Bow Saw
21:32 Horse Collar
23:55 Heavy Plow
28:06 Caravan
30:16 Bloodlines
30:08 Husbandry
33:43 Imperial Age
31:35 Scale Barding Armor
33:29 Chain Barding Armor
33:20 Forging
33:01 Fletching
33:11 Padded Archer Armor
33:34 Ballistics
33:13 Murder Holes
35:00 Artillery
35:22 Conscription
37:34 Bombard Tower
38:49 Plate Barding Armor
38:50 Iron Casting
SLUG
11:37 Feudal Age
13:11 Town Watch
15:48 Castle Age
18:42 Loom
19:05 Stone Mining
19:11 Gold Mining
20:13 Husbandry
25:03 Horse Collar
25:55 Double-Bit Axe
28:01 Wheelbarrow
29:32 Kamandaran
32:41 Heavy Plow
37:23 Imperial Age
38:01 Conscription
40:46 Crossbowman
41:33 Thumb Ring
Brux
8:58 Loom
11:12 Feudal Age
18:58 Castle Age
18:01 Bloodlines
19:42 Pikeman
21:21 Town Watch
22:14 Light Cavalry
24:49 Husbandry
25:46 Ballistics
26:07 Fervor
25:50 Stone Mining
29:27 Szlachta Privileges
30:23 Horse Collar
30:36 Gold Mining
31:45 Wheelbarrow
31:18 Double-Bit Axe
31:42 Scale Mail Armor
33:44 Stone Shaft Mining
37:26 Imperial Age
36:10 Scale Barding Armor
36:16 Forging
37:47 Cavalier
nahuelbasylkiv
12:54 Feudal Age
13:27 Horse Collar
15:04 Man-at-Arms
16:45 Double-Bit Axe
23:43 Castle Age
22:59 Gold Mining
23:08 Stone Mining
25:27 Stone Shaft Mining
25:55 Pikeman
28:59 Heavy Plow
30:19 Long Swordsman
Connection lost

Rejoining the realm…

Still unreachable

The connection could not be restored.

Session expired

The server has moved on; the page needs a fresh start.